 Dungeon Crawl Stone Soup version 0.30.1-9-gdf580d7c3d (webtiles) character file.

Game seed: 12960568908730454233

165 jfcaron the Stinger (level 5, -8/37 HPs)
             Began as a Gnoll Venom Mage on Oct 25, 2023.
             Was a Believer of Wu Jian.
             Mangled by Edmund
             ... wielding a +7 flail of protection
              (10 damage)
             ... on level 3 of the Dungeon.
             The game lasted 00:08:26 (3296 turns).

jfcaron the Stinger (Gnoll Venom Mage)              Turns: 3296, Time: 00:08:27

Health: -8/37      AC:  7    Str:  9    XL:     5   Next: 46%
Magic:  5/12       EV: 13    Int: 15    God:    Wu Jian [**....]
Gold:   96         SH:  0    Dex: 12    Spells: 8/14 levels left

rFire   . . .        h - +0 dagger
rCold   . . .        (no shield)
rNeg    . . .        a - +0 robe
rPois   +            (no helmet)
rElec   .            (no cloak)
rCorr   .            (no gloves)
SInv    .            i - +0 pair of boots
Will    .....        (no amulet)
Stlth   +++          c - +4 ring of protection
HPRegen 0.26/turn    x - ring of poison resistance
MPRegen 0.13/turn

%: no passive effects
@: no status effects
A: fangs 1, strong nose, distributed training
a: Renounce Religion, Wall Jump


You were on level 3 of the Dungeon.
You worshipped Wu Jian.
Wu Jian was pleased with you.
You visited 1 branch of the dungeon, and saw 4 of its levels.

You collected 96 gold pieces.

Inventory:

Hand Weapons
 h - a +0 dagger (weapon)
Missiles
 m - 29 stones
 o - 10 poisoned darts
Armour
 a - a +0 robe (worn)
 i - a +0 pair of boots (worn)
Jewellery
 c - a +4 ring of protection (left hand)
   (You found it on level 1 of the Dungeon)
 f - a +6 ring of dexterity
   (You found it on level 1 of the Dungeon)
 x - a ring of poison resistance (right hand)
Wands
 y - a wand of flame (17)
Scrolls
 e - 2 scrolls of vulnerability
 k - a scroll of enchant armour {unknown}
 l - a scroll of magic mapping
 p - a scroll of blinking {unknown}
 t - a scroll of teleportation
 u - 2 scrolls of immolation {unknown}
 v - a scroll of noise {unknown}
 w - a scroll of fear {unknown}
Potions
 b - a potion of magic
 d - 2 potions of mutation
 g - a potion of berserk rage {unknown}
 n - a potion of attraction {unknown}
 q - 2 potions of invisibility {unknown}
 r - a potion of heal wounds {unknown}
 s - a potion of curing {unknown}
 z - 2 potions of degeneration {unknown}


   Skills:
 + Level 1.6 Fighting
 + Level 1.6 Short Blades
 + Level 1.6 Long Blades
 + Level 1.6 Axes
 + Level 1.6 Maces & Flails
 + Level 1.6 Polearms
 + Level 1.6 Staves
 + Level 1.6 Ranged Weapons
 + Level 1.6 Throwing
 + Level 1.6 Armour
 + Level 4.8 Dodging
 + Level 4.4 Stealth
 + Level 1.6 Shields
 + Level 1.6 Unarmed Combat
 + Level 5.2 Spellcasting
 + Level 1.2 Conjurations
 + Level 1.2 Hexes
 + Level 1.2 Summonings
 + Level 1.2 Necromancy
 + Level 1.2 Translocations
 + Level 2.4 Transmutations
 + Level 1.2 Fire Magic
 + Level 1.2 Ice Magic
 + Level 1.2 Air Magic
 + Level 1.2 Earth Magic
 + Level 5.5 Poison Magic
 + Level 1.8 Invocations
 + Level 1.6 Evocations


You had 8 spell levels left.
You knew the following spells:

 Your Spells              Type           Power      Damage    Failure   Level
a - Sting                 Tmut/Pois      64%        1d6       3%          1
b - Poisonous Vapours     Pois/Air       28%        N/A       6%          2
c - Mephitic Cloud        Conj/Pois/Air  12%        N/A       16%         3

Your spell library contained the following spells:

 Spells                   Type           Power      Damage    Failure   Level
 Olgreb's Toxic Radiance  Pois           20%        N/A       16%         4


Dungeon Overview and Level Annotations

Branches:
Dungeon (4/15)
 Temple: D:4-7

Altars:
Cheibriados
Dithmenos
Okawaru
Wu Jian

Shops:
D:1 =

Annotations:
D:3 Edmund
D:4 exclusion: phantom


Innate Abilities, Weirdness & Mutations

You have very sharp teeth.
Your uncanny sense of smell can sniff out nearby items.
Your experience applies equally to all skills.


Message History

Confirm with . or Enter, or press ? or * to list all spells.
Aiming: Poisonous Vapours (safe; 6% risk of failure)
Press: ? - help, Dir - move target, f/p - Edmund
Aim: Edmund, wielding a +7 flail of protection and wearing a +0 scale mail (poisoned) Poisonous vapours surround Edmund!
Edmund looks even sicker.
Casting: Poisonous Vapours (safe; 6% risk of failure)
Confirm with . or Enter, or press ? or * to list all spells.
Aiming: Poisonous Vapours (safe; 6% risk of failure)
Press: ? - help, Dir - move target, f/p - Edmund
Aim: Edmund, wielding a +7 flail of protection and wearing a +0 scale mail (very poisoned) Poisonous vapours surround Edmund!
Edmund looks even sicker.
Edmund hits you with a +7 flail of protection!
Casting: Poisonous Vapours (safe; 6% risk of failure)
Confirm with . or Enter, or press ? or * to list all spells.
Aiming: Poisonous Vapours (safe; 6% risk of failure)
Press: ? - help, Dir - move target, f/p - Edmund
Aim: Edmund, wielding a +7 flail of protection and wearing a +0 scale mail (lightly wounded, very poisoned) Poisonous vapours surround Edmund!
Edmund looks as sick as possible!
Edmund barely misses you.
You hit Edmund but do no damage.
Edmund is lightly wounded.
Edmund hits you with a +7 flail of protection!
Aiming: Throw Flame
Press: ? - help, Shift-Dir - straight line, f/p - Edmund
Aim: Edmund, wielding a +7 flail of protection and wearing a +0 scale mail (lightly wounded, extremely poisoned, 75% to hit)
The puff of flame hits Edmund.
Edmund is moderately wounded.
Edmund hits you with a +7 flail of protection.
Aiming: Throw Flame
Press: ? - help, Shift-Dir - straight line, f/p - Edmund
Aim: Edmund, wielding a +7 flail of protection and wearing a +0 scale mail (moderately wounded, extremely poisoned, 75% to hit)
The puff of flame hits Edmund.
Edmund is moderately wounded.
Edmund hits you with a +7 flail of protection!
* * * LOW HITPOINT WARNING * * *
As you read the scroll labelled SULOLE FOLOON, it crumbles to dust.
It is a scroll of identify.
d - 2 potions of mutation Edmund hits you with a +7 flail of protection!
You die...

##.## ##.8.## ########.....##
##.....#.8...8.# ######
##..............###### #....#
#.<.........<...#....####....#
#..)........)...#.##.........####
#.........8...8.#)...####....##..
#...............@@##.......####..
#...........8...#.............###
##.............#########.........
##...........## ##........
#####..###### ######......#..
#.## #......#......#
#################.#####.....###
#..###.#..........###...>...#
#..#.._#############..##....#


You could see Edmund (very poisoned).

Vanquished Creatures
  Natasha (thrice) (D:3)
  An adder (D:3)
  2 worms (D:2)
  4 dart slugs
  An orc (D:3)
  7 endoplasms
  3 giant cockroaches
  5 goblins
  5 hobgoblins
  3 jackals (D:3)
  3 quokkas
  4 ball pythons
  6 bats
  8 frilled lizards
  9 kobolds
  4 rats
68 creatures vanquished.

Notes
Turn   | Place    | Note
-------+----------+-------------------------------------------
     0 | D:1      | jfcaron the Gnoll Venom Mage began the quest for the Orb.
     0 | D:1      | Reached XP level 1. HP: 13/13 MP: 6/6
   142 | D:1      | Found a faded altar of an unknown god.
   170 | D:1      | Reached XP level 2. HP: 11/19 MP: 2/7
   173 | D:1      | Learned a level 2 spell: Poisonous Vapours
   235 | D:1      | Prayed at the altar of an unknown god.
   235 | D:1      | Became a worshipper of the Wu Jian Council
   235 | D:1      | Reached * piety under Wu Jian
   383 | D:1      | Reached skill level 5 in Spellcasting
   383 | D:1      | Reached XP level 3. HP: 25/25 MP: 5/9
   675 | D:1      | Found Tiaffot's Jewellery Shoppe.
   881 | D:2      | Reached skill level 1 in Invocations
   949 | D:2      | Reached ** piety under Wu Jian
  1257 | D:2      | Reached skill level 1 in Fighting
  1257 | D:2      | Reached skill level 1 in Short Blades
  1257 | D:2      | Reached skill level 1 in Long Blades
  1257 | D:2      | Reached skill level 1 in Axes
  1257 | D:2      | Reached skill level 1 in Maces & Flails
  1257 | D:2      | Reached skill level 1 in Polearms
  1257 | D:2      | Reached skill level 1 in Staves
  1257 | D:2      | Reached skill level 1 in Ranged Weapons
  1257 | D:2      | Reached skill level 1 in Throwing
  1257 | D:2      | Reached skill level 1 in Armour
  1257 | D:2      | Reached skill level 1 in Shields
  1257 | D:2      | Reached skill level 1 in Unarmed Combat
  1257 | D:2      | Reached skill level 1 in Evocations
  1975 | D:3      | Reached XP level 4. HP: 32/32 MP: 4/11
  2056 | D:3      | Noticed Natasha
  2073 | D:3      | Killed Natasha
  2074 | D:3      | Reached skill level 1 in Conjurations
  2074 | D:3      | Reached skill level 1 in Hexes
  2074 | D:3      | Reached skill level 1 in Summonings
  2074 | D:3      | Reached skill level 1 in Necromancy
  2074 | D:3      | Reached skill level 1 in Translocations
  2074 | D:3      | Reached skill level 1 in Fire Magic
  2074 | D:3      | Reached skill level 1 in Ice Magic
  2074 | D:3      | Reached skill level 1 in Air Magic
  2074 | D:3      | Reached skill level 1 in Earth Magic
  2351 | D:3      | Noticed Natasha
  2364 | D:3      | Killed Natasha
  2365 | D:3      | Reached XP level 5. HP: 19/37 MP: 4/12
  2658 | D:3      | Found a snail-covered altar of Cheibriados.
  2658 | D:3      | Found an iron altar of Okawaru.
  2673 | D:3      | Noticed Natasha
  2680 | D:3      | HP: 5/37 [Natasha/puff of flame (7)]
  2688 | D:3      | Killed Natasha
  2860 | D:3      | Found a shadowy altar of Dithmenos.
  3003 | D:4      | Noticed a phantom
  3068 | D:4      | Noticed Edmund
  3162 | D:3      | Learned a level 3 spell: Mephitic Cloud
  3295 | D:3      | HP: 2/37 [Edmund/+7 flail of protection (14)]
  3296 | D:3      | Mangled by Edmund

Illustrated notes

Levels and vault maps discovered:
D:1:      dpeg_arrival_radiant, layout_rooms,
          ebering_ecumenical_altar_petrified, serial_shops,
          nicolae_shop_gaudy_bauble, minmay_misc_feat_alley, minmay_ruptured
D:2:      layout_basic, patterned_corridor
D:3:      layout_rooms, gammafunk_temple_overflow_statue,
          grunt_dithmenos_smoke_and_mirrors, grunt_ministairs_2, uniq_natasha
D:4:      layout_cave_pods, gammafunk_ghost_stat_death, uniq_edmund

Skill      XL: |  1  2  3  4 |
---------------+-------------+-----
Transmutations | 2 |  2.4
Spellcasting   | 5 |  5.2
Invocations    | 1 |  1.8
Fighting       | 1 |  1.6
Short Blades   | 1 |  1.6
Long Blades    | 1 |  1.6
Axes           | 1 |  1.6
Maces & Flails | 1 |  1.6
Polearms       | 1 |  1.6
Staves         | 1 |  1.6
Ranged Weapons | 1 |  1.6
Throwing       | 1 |  1.6
Armour         | 1 |  1.6
Shields        | 1 |  1.6
Unarmed Combat | 1 |  1.6
Evocations     | 1 |  1.6
Conjurations   | 1 |  1.2
Hexes          | 1 |  1.2
Summonings     | 1 |  1.2
Necromancy     | 1 |  1.2
Translocations | 1 |  1.2
Fire Magic     | 1 |  1.2
Ice Magic      | 1 |  1.2
Air Magic      | 1 |  1.2
Earth Magic    | 1 |  1.2
Dodging        | |  4.8
Stealth        | |  4.4
Poison Magic   | |  5.5

Action                     |  1- 3 |  4- 6 || total
---------------------------+-------+-------++-------
  Melee: Unarmed           |     7 |       ||     7
         Dagger            |    12 |    23 ||    35
         Bite              |     2 |     2 ||     4
         Punch             |       |     1 ||     1
  Throw: Dart              |       |     1 ||     1
         Stone             |       |     1 ||     1
   Cast: Sting             |    70 |    28 ||    98
         Poisonous Vapours |     1 |    22 ||    23
         Mephitic Cloud    |       |     1 ||     1
Ability: Whirlwind         |     1 |     5 ||     6
         Wall Jump         |     1 |       ||     1
  Evoke: Wand              |       |     2 ||     2
    Use: Scroll            |       |     4 ||     4
 Armour: Robe              |    13 |    21 ||    34
  Dodge: Dodged            |    38 |    42 ||    80

Table legend: (Time is in decaauts)
 A = Elapsed time spent in this place.
 B = Non-inter-level travel time spent in this place.
 C = Inter-level travel time spent in this place.
 D = Time resting spent in this place.
 E = Time spent auto-exploring this place.
 F = Levels seen in this place.
 G = Mean time per level.
                   A        B        C        D        E       F      G
               +--------+--------+--------+--------+--------+-----+--------+
         Total |   3295 |   3147 |    148 |    473 |   2120 |   4 |  823.8 |
       Dungeon |   3295 |   3147 |    148 |    473 |   2120 |   4 |  823.8 |
               +--------+--------+--------+--------+--------+-----+--------+

Top non-repeatable levels by time:
     D:2: 1236 daAuts
     D:3: 1215 daAuts
     D:1: 832 daAuts
     D:4: 10 daAuts

Table legend:
 A = Kills in this place as a percentage of kills in the entire game.
 B = Kills by you in this place as a percentage of kills by you in the entire game.
 C = Kills by friends in this place as a percentage of kills by friends in the entire game.
 D = Other kills in this place as a percentage of other kills in the entire game.
 E = Experience gained in this place as a percentage of experience gained in the entire game.
 F = Experience gained in this place divided by the number of levels of this place that you have seen.
                   A       B       C       D       E      F
               +-------+-------+-------+-------+-------+----------------------
         Total | 100.0 | 100.0 |   N/A |   N/A | 100.0 |  59.2
       Dungeon | 100.0 | 100.0 |   N/A |   N/A | 100.0 |  59.2
               +-------+-------+-------+-------+-------+----------------------

Levels and vault maps discovered:
D:1:      dpeg_arrival_radiant, layout_rooms,
          ebering_ecumenical_altar_petrified, serial_shops,
          nicolae_shop_gaudy_bauble, minmay_misc_feat_alley, minmay_ruptured
D:2:      layout_basic, patterned_corridor
D:3:      layout_rooms, gammafunk_temple_overflow_statue,
          grunt_dithmenos_smoke_and_mirrors, grunt_ministairs_2, uniq_natasha
D:4:      layout_cave_pods, gammafunk_ghost_stat_death, uniq_edmund
